 Dungeon Crawl Stone Soup version 0.30-a0-696-g2367cd04db (webtiles) character file.

Game seed: 11491110268334505035

7 funkygono the Firebug (level 1, -3/13 HPs)
             Began as a Demonspawn Fire Elementalist on Jan 20, 2023.
             Slain by a hobgoblin (5 damage)
             ... on level 1 of the Dungeon.
             The game lasted 00:00:49 (339 turns).

funkygono the Firebug (Demonspawn Fire Elementalist) Turns: 339, Time: 00:00:50

Health: -3/13      AC:  2    Str:  8    XL:     1   Next: 83%
Magic:  0/3        EV: 12    Int: 16    God:
Gold:   27         SH:  0    Dex: 13    Spells: 3/4 levels left

rFire   . . .      SeeInvis .    e - +0 club
rCold   . . .      Faith    .    (no shield)
rNeg    . . .      Spirit   .    a - +0 robe
rPois   .          Reflect  .    (no helmet)
rElec   .          Harm     .    (no cloak)
rCorr   .          Rampage  .    (no gloves)
Will    .....                    (no boots)
Stlth   ++                       (no amulet)
HPRegen 0.22/turn                (no ring)
MPRegen 0.08/turn                (no ring)

@: no status effects
A: no striking features
a: no special abilities


You were on level 1 of the Dungeon.
You visited 1 branch of the dungeon, and saw 1 of its levels.

You collected 27 gold pieces.

Inventory:

Hand Weapons
 e - a +0 club (weapon)
Armour
 a - a +0 robe (worn)
 d - a +0 leather armour
Scrolls
 c - a scroll of enchant armour {unknown}
 f - 2 scrolls of identify {unknown}
Potions
 b - a potion of magic
 g - a potion of lignification {unknown}
 h - a potion of brilliance {unknown}


   Skills:
 + Level 1.9 Dodging
 - Level 1.7 Stealth
 + Level 2.2 Spellcasting
 + Level 1.0 Conjurations
 + Level 2.9 Fire Magic


You had 3 spell levels left.
You knew the following spells:

 Your Spells              Type           Power      Damage    Failure   Level
a - Foxfire               Conj/Fire      32%        2x1d5     9%          1

Your spell library contained the following spells:

 Spells                   Type           Power      Damage    Failure   Level
 Scorch                   Fire           22%        2d6       10%         2
 Inner Flame              Hex/Fire       6%         N/A       32%         3
 Kindle Blastsparks       Fire/Tloc/Air  8%         2d10      38%         3
 Flame Wave               Conj/Fire      8%         2d5       65%         4


Dungeon Overview and Level Annotations

Branches:
Dungeon (1/15)

Altars:


Message History

The foxfire hits the giant cockroach.
The giant cockroach is almost dead.
The foxfire hits the hobgoblin.
The hobgoblin is moderately wounded.
The hobgoblin attacks as you move away!
The hobgoblin hits you but does no damage.
The giant cockroach attacks as you move away!
The giant cockroach barely misses you.
Casting: Foxfire (safe; 9% risk of failure)
Confirm with . or Enter, or press ? or * to list all spells.
You don't have enough magic to cast this spell.
The hobgoblin attacks as you move away! The hobgoblin completely misses you.
The hobgoblin attacks as you move away! The hobgoblin closely misses you.
There is a stone staircase leading down here.
The hobgoblin attacks as you move away! The hobgoblin hits you.
Casting: Foxfire (safe; 9% risk of failure)
Confirm with . or Enter, or press ? or * to list all spells.
You miscast Foxfire.
You are very lightly contaminated with residual magic.
Nothing appears to happen.
The hobgoblin barely misses you.
Casting: Foxfire (safe; 9% risk of failure)
Confirm with . or Enter, or press ? or * to list all spells.
You don't have enough magic to cast this spell.
Unknown command.
The hobgoblin attacks as you move away! The hobgoblin misses you.
The hobgoblin attacks as you move away! The hobgoblin misses you.
The hobgoblin attacks as you move away! The hobgoblin hits you.
* * * LOW HITPOINT WARNING * * *
The hobgoblin attacks as you move away! The hobgoblin barely misses you.
Your magical contamination has completely faded away.
Casting: Foxfire (safe; 9% risk of failure)
Confirm with . or Enter, or press ? or * to list all spells.
You conjure some foxfire!
The hobgoblin misses you.
Unknown command.
The foxfire hits the giant cockroach but does no damage.
The giant cockroach is almost dead.
The foxfire hits the hobgoblin.
The hobgoblin is severely wounded.
The hobgoblin hits you.
You die...

#....###..###..g........#.
#...## #..# ##..###.###.#.
#..## ##..## ##.# #.# #.#.
#..####...†####.###.###.#.
#...##..##..##..#.....#...
#...............#.###>....
#...####..##....#.# #.####
##.## ##>(.###.##.###.#
#.# #.>@..#...#.....# #.#
#...g.........### ##.#
#...B.#...##.## #..#
##.########### #.##
################ #.#
#...(.......# #.#
#...........# #.#
#...........# #.#
#...........#


You could see a giant cockroach and a hobgoblin.

Vanquished Creatures
  A giant cockroach (D:1)
  A goblin (D:1)
  A hobgoblin (D:1)
  A quokka (D:1)
  2 frilled lizards (D:1)
6 creatures vanquished.

Vanquished Creatures (others)
  27 foxfires (D:1)
27 creatures vanquished.

Grand Total: 33 creatures vanquished

Notes
Turn   | Place    | Note
-------+----------+-------------------------------------------
     0 | D:1      | funkygono the Demonspawn Fire Elementalist began the quest
                  | for the Orb.
     0 | D:1      | Reached XP level 1. HP: 13/13 MP: 3/3
   339 | D:1      | Slain by a hobgoblin

Illustrated notes

Levels and vault maps discovered:
D:1:      psy_arrival_statuary, layout_loops_ring, kennysheep_crisscross,
          palyth_stone_intersect

Action                   || total
-------------------------++-------
 Cast: Foxfire           ||    15
Armor: Robe              ||     5
Dodge: Dodged            ||    25

Table legend: (Time is in decaauts)
 A = Elapsed time spent in this place.
 B = Non-inter-level travel time spent in this place.
 C = Inter-level travel time spent in this place.
 D = Time resting spent in this place.
 E = Time spent auto-exploring this place.
 F = Levels seen in this place.
 G = Mean time per level.
                   A        B        C        D        E       F      G
               +--------+--------+--------+--------+--------+-----+--------+
         Total |    338 |    338 |      0 |     30 |    193 |   1 |  338.0 |
       Dungeon |    338 |    338 |      0 |     30 |    193 |   1 |  338.0 |
               +--------+--------+--------+--------+--------+-----+--------+

Top non-repeatable levels by time:
     D:1: 338 daAuts
